[Event "20. Dolomitenbank Open-A 2019"]
[Site "Lienz"]
[Date "2019.02.11"]
[Round "4.6"]
[White "Thipsay, Bagyashree Sathe"]
[Black "Gschnitzer, Adrian"]
[Result "1-0"]
[ECO "B32"]
[WhiteElo "2062"]
[BlackElo "2382"]
[Annotator "NA RC"]
[PlyCount "97"]
[EventDate "2019.02.09"]
[EventType "swiss"]
[EventCountry "AUT"]
[SourceTitle "playchess.com"]
[Source "ChessBase"]
[SourceQuality "1"]
[TimeControl "40/5400+30:1800+30"]

1. e4 c5 2. Nf3 Nc6 3. d4 cxd4 4. Nxd4 e5 5. Nb5 d6 6. c4 Be7 7. N1c3 a6 8. Na3 f5 9. exf5 {[%emt 0:02:36] LiveBook: 305 Games} Bxf5 10. Bd3 Be6 11. O-O Nf6 12. Nc2 {[%emt 0:03:04] B32: Sicilian: Löwenthal and Kalashnikov Variations} O-O 13. Bg5 (13. b3 Qd7 14. Bb2 Bd8 15. Ne4 Bb6 16. Qe2 Rad8 17. Kh1 Nxe4 18. Bxe4 {½-½ (50) Yu,Y (2764)-Potapov,P (2516) St Petersburg 2018}) 13... Qe8 14. Qe2 Bd8 $146 ({Predecessor:} 14... Kh8 15. Rad1 Rc8 16. Ne4 Nxe4 17. Qxe4 Bf5 18. Qe3 e4 19. Be2 Ne5 20. Bxe7 Qxe7 {0-1 (68) Sztokbant,B (2280)-Cubas,J (2455) Sao Paulo 2015}) 15. Rad1 Nh5 16. Be3 Nf4 17. Bxf4 $1 Rxf4 18. Ne4 Be7 $14 19. g3 Rf8 20. Qe3 Qf7 21. b3 Bh3 22. Rfe1 Rad8 23. Bf1 Bf5 24. Bg2 Kh8 25. Rd2 Qg6 26. Red1 h6 27. Rf1 Bg5 28. Nxg5 hxg5 29. Ne1 Nd4 30. Nf3 Nxf3+ 31. Bxf3 Bh3 32. Rfd1 Rd7 33. c5 Rxf3 34. Qxf3 e4 35. Qe3 Qh5 36. cxd6 Bg4 37. f3 Bxf3 38. Rc1 Qh3 39. Rcc2 Qe6 40. Qxg5 e3 41. Rc8+ Kh7 42. Rd4 g6 43. Rh4+ Bh5 44. Rxh5+ gxh5 45. Qxh5+ Kg7 46. Qh8+ Kg6 47. Rg8+ Kf5 48. Qh5+ Ke4 49. Re8 {[%emt 0:00:00] Kd5} 1-0